 Dungeon Crawl Stone Soup version 0.24-a0-725-gf1a930fc54 (webtiles) character file.

Game seed: 9887427580098801605, levelgen mode: deterministic

19 Kohma the Ruffian (level 2, 29/29 HPs)
             Began as a Troll Chaos Knight on Oct 1, 2019.
             Was a Plaything of Xom.
             Quit the game on level 1 of the Dungeon.
             The game lasted 00:02:26 (388 turns).

Kohma the Ruffian (Troll Chaos Knight)               Turns: 388, Time: 00:02:27

Health: 29/29      AC:  8    Str: 19    XL:     2   Next: 55%
Magic:  1/1        EV: 10    Int:  8    God:    Xom [..*...]
Gold:   50         SH:  0    Dex:  9    Spells: 1/1 levels left

rFire    . . .     SeeInvis .     - Unarmed
rCold    . . .     Gourm    +   (no shield)
rNeg     . . .     Faith    .   a - +2 robe
rPois    .         Spirit   .   (helmet restricted)
rElec    .         Reflect  .   (no cloak)
rCorr    .         Harm     .   (gloves unavailable)
MR       .....                  (boots unavailable)
Stlth    +.........             (no amulet)
HPRegen  0.49/turn              (no ring)
MPRegen  0.07/turn              (no ring)

@: no status effects
A: large, unfitting armour, claws 3, fast metabolism 3, gourmand, regeneration
1, shaggy fur 1, tough skin 3
a: Renounce Religion


You were on level 1 of the Dungeon.
You worshipped Xom.
You were a toy of Xom.
You were completely stuffed.

You visited 1 branch of the dungeon, and saw 1 of its levels.

You collected 50 gold pieces.

Inventory:

Armour
 a - a +2 robe (worn)
Potions
 c - 2 potions of haste
 f - a potion of might {unknown}
Comestibles
 b - 4 rations
 d - 2 chunks of flesh


   Skills:
 + Level 2.6 Fighting
 + Level 2.1 Dodging
 * Level 3.5 Unarmed Combat


You had one spell level left.
You didn't know any spells.
Your spell library was empty.

Dungeon Overview and Level Annotations

Branches:
Dungeon (1/15)

Altars:


Innate Abilities, Weirdness & Mutations

You are too large for most types of armour.
You have claws for hands.
Your metabolism is lightning-fast.
You like to eat raw meat.
Your natural rate of healing is unusually fast.
You are covered in fur. (AC +1)
You have extremely tough skin. (AC +3)


Message History

There is an open door here.
You now have 50 gold pieces (gained 2).
b - 4 rations (gained 1)
There is an open door here.
There is an open door here.
A kobold comes into view.
The kobold shouts!
The kobold throws a stone.
The stone hits you but does no damage.
You see here a stone.
The kobold throws a stone.
The stone closely misses you.
The kobold throws a stone.
The stone barely misses you.
Found a hand axe.
The kobold throws a stone.
The stone barely misses you. The kobold closely misses you.
You claw the kobold!
You kill the kobold!
You see here a stone.
Quiver which item? (- for none, * to show all) (? for menu, Esc to quit)
Okay, then.
Are you sure you want to abandon this character and quit the game? (Confirm with "yes".)

..............#'#.......... #
............(.'.##.......# .# .
###...........####.......####.##.
###...........((.#...............
.................#...............
.................####.##.........
.................####............
..................)##............
.............##.@..+.......######
...................#.......#..
#####....................###.#
.........###.....#.......###.#
.............................####
..........................##.....
..........................##'####
.................................
....................#+##.......##


There were no monsters in sight!

Vanquished Creatures
  4 bats (D:1)
  3 goblins (D:1)
  4 hobgoblins (D:1)
  3 kobolds (D:1)
  2 frilled lizards (D:1)
  2 rats (D:1)
18 creatures vanquished.

Notes
Turn   | Place    | Note
-------+----------+-------------------------------------------
     0 | D:1      | Kohma the Troll Chaos Knight began the quest for the Orb.
     0 | D:1      | Reached XP level 1. HP: 22/22 MP: 0/0
    14 | D:1      | XOM: divination: magic mapping
    88 | D:1      | Reached XP level 2. HP: 29/29 MP: 1/1
   388 | D:1      | Quit the game

Levels and vault maps discovered:
D:1:      sevenhm_arrival_forest_fort_large_1, layout_basic

Skill      XL: |  1 |
---------------+----+-----
Dodging        | 2 |  2.1
Fighting       | |  2.6
Unarmed Combat | |  3.5

Action                   || total
-------------------------++-------
Melee: Unarmed           ||    39
       Punch             ||     1
  Use: Scroll            ||     2
  Eat: Chunk             ||     9
Armor: Robe              ||    29
Dodge: Dodged            ||    29

Table legend:
 A = Non-vault XP
 B = Vault XP
 C = Vault XP percentage of total XP
 D = Non-vault monster count
 E = Vault monster count
 F = Vault count percentage of total count
                 A         B        C        D         E       F
            +---------+---------+-------+---------+---------+-------
      Total |      26 |       2 |   7.1 |      16 |       2 |  11.1
            +---------+---------+-------+---------+---------+-------
        D:1 |      26 |       2 |   7.1 |      16 |       2 |  11.1
            +---------+---------+-------+---------+---------+-------
